 Dungeon Crawl Stone Soup version 0.28.0-53-g5a82cb258f (webtiles) character file.

Game seed: 14869469501690673379

4218 Peloso the Carver (level 10, -3/86 HPs)
             Began as a Minotaur Fighter on Aug 14, 2022.
             Was an Elder of Okawaru.
             Hit by a javelin thrown by a centaur (7 damage)
             ... in a bailey.
             The game lasted 00:13:29 (5718 turns).

Peloso the Carver (Minotaur Fighter)                Turns: 5718, Time: 00:13:29

Health: -3/86      AC: 12    Str: 23    XL:     10   Next: 9%
Magic:  8/9        EV:  6    Int:  5    God:    Okawaru [****..]
Gold:   184        SH: 15    Dex: 12    Spells: 9/9 levels left

rFire   + . .      SeeInvis .   a - +1 long sword
rCold   . . .      Faith    .   e - +0 tower shield
rNeg    . . .      Spirit   .   g - +2 chain mail {rF+}
rPois   .          Reflect  .   (helmet restricted)
rElec   .          Harm     .   (no cloak)
rCorr   .          Rampage  .   (no gloves)
Will    .....                   (no boots)
Stlth   ..........              (no amulet)
HPRegen 0.24/turn               n - +4 ring of slaying
MPRegen 0.11/turn               (no ring)

@: no status effects
A: horns 2, retaliatory headbutt
a: Renounce Religion, Heroism, Finesse


You were in a bailey.
You worshipped Okawaru.
Okawaru was greatly pleased with you.
You visited 1 branch of the dungeon, and saw 7 of its levels.
You also visited: Bailey.

You collected 198 gold pieces.
You spent 14 gold pieces at shops.

Inventory:

Hand Weapons
 a - a +1 long sword (weapon)
Missiles
 r - 2 throwing nets (quivered)
Armour
 c - a +0 buckler
 e - a +0 tower shield (worn)
 g - a +2 chain mail of fire resistance (worn)
Magical Staves
 b - a staff of fire
Jewellery
 l - an amulet of the acrobat
 n - a +4 ring of slaying (left hand)
 q - a ring of ice
 w - an amulet of magic regeneration
Wands
 x - a wand of iceblast (1)
Scrolls
 h - 3 scrolls of fog
 k - a scroll of noise
 o - a scroll of enchant weapon
 s - a scroll of enchant armour
Potions
 d - a potion of might
 f - a potion of brilliance
 i - a potion of ambrosia
 j - a potion of flight
 u - a potion of mutation {unknown}
 v - a potion of berserk rage {unknown}


   Skills:
 + Level 7.3 Fighting
 + Level 11.4 Long Blades
 + Level 8.1 Armour
 + Level 2.8 Dodging
 + Level 0.4 Stealth
 + Level 9.1 Shields
 + Level 1.2 Invocations
 + Level 0.8 Evocations


You had 9 spell levels left.
You didn't know any spells.
Your spell library contained the following spells:

 Spells                   Type           Power      Damage    Failure   Level
 Ensorcelled Hibernation  Hex/Ice        0%         N/A       100%        2
 Passwall                 Tmut/Erth      0%         N/A       100%        2
 Confusing Touch          Hex            0%         N/A       100%        3
 Swiftness                Air            0%         N/A       100%        3
 Yara's Violent Unravell  Hex/Tmut       0%         3d3       100%        5
 Enfeeble                 Hex            0%         N/A       100%        7
 Summon Small Mammal      Summ           Unusable   N/A       N/A         1
 Call Canine Familiar     Summ           Unusable   N/A       N/A         3
 Summon Guardian Golem    Hex/Summ       Unusable   N/A       N/A         3

Dungeon Overview and Level Annotations

Branches:
Dungeon (7/15)             Bailey (1/1)
 Temple: D:4-7

Altars:
Dithmenos
Kikubaaqudgha
Okawaru
Sif Muna
Trog
Uskayaw
Zin
The Shining One

Shops:
D:1 ?!?


Innate Abilities, Weirdness & Mutations

You have a pair of horns on your head.
You reflexively headbutt those who attack you in melee.


Message History

The centaur throws a javelin.
The javelin pierces through you. You block the centaur's attack.
The centaur kicks you but does no damage.
The centaur throws a javelin.
The javelin pierces through you but does no damage.
Unknown command.
You hit the centaur but do no damage.
The centaur hits you but does no damage.
You block the centaur's attack.
The centaur throws a javelin.
The javelin pierces through you!
* * * LOW HITPOINT WARNING * * *
The centaur barely misses you. You furiously retaliate!
You headbutt the centaur!
The centaur kicks you but does no damage.
The centaur throws a javelin.
The javelin pierces through you!
* * * LOW HITPOINT WARNING * * *
Okay, then.
You hit the centaur.
The centaur is heavily wounded.
You block the centaur's attack. x2; The centaur throws a javelin.
The javelin barely misses you.
Unknown command.
You hit the centaur.
The centaur is severely wounded.
You block the centaur's attack.
The centaur kicks you but does no damage.
Unknown command.
You slash the centaur!
You kill the centaur!
Okawaru accepts your kill.
The centaur throws a javelin.
The javelin pierces through you!
* * * LOW HITPOINT WARNING * * *
Unknown command.
Why would you want to do that?
An orc warrior comes into view. It is wielding a +0 trident.
Items here: ( ) [ †.
You feel like a meek peon again.
The orc warrior shouts!
The centaur throws a javelin.
The javelin pierces through you!
You die...

###############
#≈≈≈≈≈≈≈≈≈≈≈≈≈≈≈
≈≈≈≈≈≈≈≈≈≈≈≈≈≈≈≈
≈≈≈≈≈≈≈≈.......≈≈
≈≈≈≈≈≈..≈≈≈.≈≈≈..
≈≈≈≈..≈≈≈.....≈≈≈
≈≈≈.≈≈≈.........≈
≈≈≈c≈....@≈≈≈..o.
≈≈c≈≈.⌠.)≈≈≈≈≈..⌠
≈≈.≈...).≈≈≈≈≈...
≈.≈≈....≈≈≈≈≈≈≈..
≈.≈.....≈≈≈≈≈≈≈..
≈.≈.....≈≈≈)≈≈≈..
≈.≈...).≈≈≈=≈≈≈.....≈
≈.≈....)≈≈≈?≈≈≈.....≈
≈.≈.....≈≈≈≈≈≈≈.....≈


You could see an orc warrior and 2 centaurs.

Vanquished Creatures
  Pikel (D:4)
  4 yaks (D:4)
  A wyvern (D:7)
  Menkaure (D:5)
  A water moccasin (D:5)
  7 orc warriors (Bailey)
  An ice beast (D:4)
  A black bear (D:3)
  An ogre (D:5)
  8 centaurs
  3 lemures (D:4)
  2 phantoms
  Blork the orc (D:4)
  3 bullfrogs
  A scorpion (D:5)
  2 vampire bats (D:4)
  A bullfrog zombie (D:6)
  6 hounds
  A centaur zombie (D:6)
  An orc priest (D:6)
  2 jellies
  Ijyb (D:3)
  2 orc wizards
  3 iguanas
  A killer bee zombie (D:6)
  8 adders
  2 gnolls (D:3)
  A shadow imp (D:6)
  2 white imps
  An ufetubus (D:6)
  An adder skeleton (D:5)
  A worm (D:3)
  2 dart slugs (D:3)
  29 orcs
  3 bat skeletons (D:4)
  2 bat zombies (D:4)
  3 endoplasms
  4 giant cockroaches
  12 goblins
  14 hobgoblins
  10 jackals
  9 kobolds
  7 quokkas
  8 ball pythons
  4 bats
  4 rats
183 creatures vanquished.

Notes
Turn   | Place    | Note
-------+----------+-------------------------------------------
     0 | D:1      | Peloso the Minotaur Fighter began the quest for the Orb.
     0 | D:1      | Reached XP level 1. HP: 19/19 MP: 0/0
   204 | D:1      | Reached XP level 2. HP: 16/27 MP: 1/1
   319 | D:1      | Found Lopuimn's Distillery.
   555 | D:1      | Found Yqofar's Magic Scroll Emporium.
   564 | D:1      | Bought a scroll of noise for 14 gold pieces
   744 | D:1      | Found a faded altar of an unknown god.
   752 | D:1      | Found Vuimoproo's Magic Scroll Boutique.
   804 | D:1      | Reached XP level 3. HP: 33/33 MP: 2/2
   950 | D:2      | Reached skill level 3 in Long Blades
  1646 | D:3      | Reached XP level 4. HP: 38/41 MP: 3/3
  1769 | D:3      | Noticed Ijyb
  1770 | D:3      | Paralysed by Ijyb for 2 turns
  1779 | D:3      | Paralysed by Ijyb for 6 turns
  1789 | D:3      | Killed Ijyb
  1790 | D:3      | Reached skill level 1 in Dodging
  1874 | D:3      | Noticed a black bear
  1881 | D:3      | Killed a black bear
  1882 | D:3      | Reached skill level 4 in Long Blades
  1882 | D:3      | Reached XP level 5. HP: 42/47 MP: 4/4
  2142 | D:3      | Reached skill level 5 in Long Blades
  2168 | D:3      | Found an iron altar of Okawaru.
  2176 | D:3      | Became a worshipper of Warmaster Okawaru
  2557 | D:4      | Reached XP level 6. HP: 53/53 MP: 5/5
  2655 | D:4      | Noticed Pikel
  2687 | D:4      | Killed Pikel
  2687 | D:4      | Reached * piety under Okawaru
  2688 | D:4      | Reached skill level 5 in Fighting
  2688 | D:4      | Reached skill level 7 in Long Blades
  2688 | D:4      | Reached skill level 5 in Armour
  2688 | D:4      | Reached XP level 7. HP: 30/61 MP: 6/6
  2972 | D:4      | Reached skill level 5 in Shields
  2992 | D:4      | Found a bloodstained altar of Trog.
  3133 | D:4      | Noticed Blork the orc
  3136 | D:4      | Killed Blork the orc
  3139 | D:4      | Reached skill level 8 in Long Blades
  3139 | D:4      | Found an ancient bone altar of Kikubaaqudgha.
  3226 | D:4      | Reached XP level 8. HP: 69/69 MP: 7/7
  3428 | D:5      | Entered Level 5 of the Dungeon
  3446 | D:4      | Reached ** piety under Okawaru
  3464 | D:4      | Reached skill level 9 in Long Blades
  3806 | D:5      | Noticed Menkaure
  3813 | D:5      | Killed Menkaure
  3845 | D:5      | Reached XP level 9. HP: 51/75 MP: 8/8
  4065 | D:5      | Reached *** piety under Okawaru
  4066 | D:5      | Reached skill level 10 in Long Blades
  4149 | D:5      | Found a shimmering blue altar of Sif Muna.
  4282 | D:5      | Found a glowing golden altar of the Shining One.
  4447 | D:6      | Reached skill level 1 in Invocations
  4741 | D:6      | Found a hide-covered altar of Uskayaw.
  4741 | D:6      | Found a shadowy altar of Dithmenos.
  4926 | D:6      | Found a glowing silver altar of Zin.
  5157 | D:7      | Found a flagged portal.
  5170 | Bailey   | Entered a bailey
  5198 | Bailey   | Reached **** piety under Okawaru
  5279 | Bailey   | Reached skill level 11 in Long Blades
  5341 | Bailey   | Reached XP level 10. HP: 29/86 MP: 7/9
  5716 | Bailey   | HP: 3/86 [centaur/javelin (11)]
  5718 | Bailey   | Hit by a javelin thrown by a centaur

Illustrated notes

Levels and vault maps discovered:
D:1:      shiori_shiawase, layout_rooms, basic_ecumenical_altar, serial_shops,
          nicolae_shop_behind_doors, nicolae_shop_hallway_plus, shop,
          hangedman_abyss_or_decor_lesser_grid
D:2:      layout_basic
D:3:      layout_rooms, okawaru_altar_gauntlet_db,
          minmay_fractal_squares_diagonal_5, uniq_ijyb
D:4:      layout_basic, mainiacjoe_overflow_concentric_impassable,
          kennysheep_vampire_church, kennysheep_path_1, uniq_pikel,
          uniq_blork_the_orc
D:5:      layout_rooms, tso_altar, mainiacjoe_overflow_six_doors_small,
          corexii_item_surrounded_by_moat, uniq_menkaure
D:6:      layout_loops_ring, gammafunk_temple_overflow_pools,
          mainiacjoe_overflow_surrounded_room
D:7:      layout_loops_cross, temple_statues, enter_bailey_6,
          lightli_ossuary_entry_decrepit_ruins
Bailey:   bailey_polearm_flooded_kennysheep, bailey

Skill      XL: |  1  2  3  4  5  6  7  8  9 |
---------------+----------------------------+-----
Fighting       | 4 5 6 7 |  7.3
Shields        | 4 5 6 9 |  9.1
Armour         | 4 5 7 8 |  8.1
Long Blades    | 3 4 5 7 8 9 11 | 11.4
Dodging        | 1 2 |  2.8
Invocations    | 1 |  1.2
Stealth        | |  0.4
Evocations     | |  0.8

Action                   |  1- 3 |  4- 6 |  7- 9 | 10-12 || total
-------------------------+-------+-------+-------+-------++-------
Melee: Long sword        |    96 |   106 |   229 |    19 ||   450
       Headbutt          |    12 |    14 |    50 |     1 ||    77
Invok: Heroism           |       |       |     6 |     2 ||     8
Evoke: Wand              |       |       |     8 |     1 ||     9
  Use: Scroll            |       |     6 |     3 |       ||     9
       Potion            |       |       |     2 |       ||     2
Armor: Scale mail        |    43 |       |       |       ||    43
       Chain mail        |    16 |    45 |   125 |    12 ||   198
Dodge: Dodged            |    60 |    27 |    48 |    13 ||   148
Block: Buckler           |    27 |    17 |     6 |       ||    50
       Tower shield      |       |       |   178 |    24 ||   202
